 Dungeon Crawl Stone Soup version 0.28.0-53-g5a82cb258f (webtiles) character file.

Game seed: 10856046747561172042

24 Plasmagod the Ruffian (level 2, 0/23 HPs)
             Began as a Draconian Transmuter on July 9, 2022.
             Succumbed to an adder's poison
             ... on level 2 of the Dungeon.
             The game lasted 00:04:49 (1169 turns).

Plasmagod the Ruffian (Draconian Transmuter)        Turns: 1169, Time: 00:04:50

Health: 0/23       AC:  4    Str: 12    XL:     2   Next: 79%
Magic:  5/5        EV: 12    Int: 13    God:
Gold:   81         SH:  0    Dex: 11    Spells: 2/5 levels left

rFire   . . .      SeeInvis .     - Unarmed
rCold   . . .      Faith    .   (no shield)
rNeg    . . .      Spirit   .   (armour unavailable)
rPois   .          Reflect  .   (helmet restricted)
rElec   .          Harm     .   (no cloak)
rCorr   .          Rampage  .   (no gloves)
Will    .....                   (no boots)
Stlth   +.........              (no amulet)
HPRegen 0.07/turn               (no ring)
MPRegen 0.09/turn               (no ring)

@: lethally poisoned (0 -> -1)
A: AC +4, unfitting armour, cold-blooded
a: no special abilities


You were on level 2 of the Dungeon.
You visited 1 branch of the dungeon, and saw 2 of its levels.

You collected 81 gold pieces.

Inventory:

Scrolls
 a - 3 scrolls of identify
 b - a scroll of teleportation {unknown}
 c - a scroll of noise {unknown}
Potions
 d - a potion of flight
 e - a potion of lignification {unknown}


   Skills:
 + Level 1.1 Fighting
 + Level 2.0 Dodging
 + Level 3.8 Unarmed Combat
 + Level 2.1 Spellcasting
 + Level 2.1 Transmutations


You had 2 spell levels left.
You knew the following spells:

 Your Spells              Type           Power      Damage    Failure   Level
a - Beastly Appendage     Tmut           12%        N/A       11%         1
b - Wereblood             Tmut           6%         N/A       16%         2

Your spell library contained the following spells:

 Spells                   Type           Power      Damage    Failure   Level
 Spider Form              Tmut/Pois      4%         N/A       45%         3
 Ice Form                 Ice/Tmut       4%         N/A       86%         4


Dungeon Overview and Level Annotations

Branches:
Dungeon (2/15)

Altars:


Innate Abilities, Weirdness & Mutations

Your plain brown scales are hard. (AC +4)
You cannot fit into any form of body armour.
You are cold-blooded and may be slowed by cold attacks.


Message History

An adder comes into view.
A kobold comes into view. It is wielding a +0 whip.
The adder hisses angrily.
The kobold throws a stone.
The stone hits you.
There are monsters nearby!
Casting: Beastly Appendage (safe; 11% risk of failure)
Press: ? - help, Q - select action, (/) - cycle Dir - look around, f - activate You grow a pair of large bovine horns.
Your feet morph into talons.
Your transformation is almost over.
The adder bites you.
You hit the adder. Your kick misses the adder.
The adder is lightly wounded.
The adder barely misses you.
You barely miss the adder.
Your tail-slap misses the adder.
The adder is lightly wounded.
The adder closely misses you.
You closely miss the adder. Your kick misses the adder.
The adder is lightly wounded.
The adder bites you.
You are poisoned.
The adder poisons you!
You feel sick. The adder bites you.
You hit the adder. Your kick misses the adder. Your headbutt misses the adder.
The adder is moderately wounded.
You feel sick. The adder barely misses you. The adder bites you.
You are more poisoned.
The adder poisons you!
You feel sick.
You feel sick.
You feel sick.
Your horns disappear.
Your talons disappear.
You feel sick. The adder bites you.
* * * LOW HITPOINT WARNING * * *
You barely miss the adder.
Your tail-slap misses the adder.
The adder is moderately wounded.
* * * LOW HITPOINT WARNING * * *
You feel sick. The adder closely misses you.
You barely miss the adder. Your punch misses the adder.
The adder is moderately wounded.
You die...

....# ...# .K# #.# #.#
#.###.### #.......#
###.#
#####.#.#####...... #
#.#..KS@......#######.#
#.#############.....).#
#.# #######.........#
###.#
#.......)...###.#.
#...#
#.#####..#........
#.### #.# ##.###.###.#.
#.#######.# #.## ##.#
..♣ #.........#
##.###.## ..
#.######### #..#.## .#♣


You could see an adder and a kobold.

Vanquished Creatures
  A dart slug (D:1)
  4 ball pythons
  3 bats
  2 endoplasms (D:1)
  3 goblins
  A hobgoblin (D:2)
  2 kobolds (D:1)
  A quokka (D:2)
  A frilled lizard (D:2)
  A rat (D:1)
19 creatures vanquished.

Vanquished Creatures (others)
  5 plants (D:2)
5 creatures vanquished.

Grand Total: 24 creatures vanquished

Notes
Turn   | Place    | Note
-------+----------+-------------------------------------------
     0 | D:1      | Plasmagod the Draconian Transmuter began the quest for the
                  | Orb.
     0 | D:1      | Reached XP level 1. HP: 16/16 MP: 3/3
   272 | D:1      | Reached XP level 2. HP: 19/23 MP: 5/5
   832 | D:2      | Learned a level 2 spell: Wereblood
  1168 | D:2      | HP: 1/23 [poisoned by an adder]
  1169 | D:2      | Succumbed to an adder's poison

Illustrated notes

Levels and vault maps discovered:
D:1:      psy_arrival_radial01, layout_rooms
D:2:      layout_loops_ring, serial_forest, infiniplex_forest_clump_tiny,
          infiniplex_forest_clump_long, infiniplex_forest_clump_diagonal,
          infiniplex_forest_lined_2, infiniplex_forest_clump_tiny,
          infiniplex_forest_join, infiniplex_forest_end_double

Skill      XL: |  1 |
---------------+----+-----
Dodging        | 2 |  2.0
Fighting       | |  1.1
Unarmed Combat | |  3.8
Spellcasting   | |  2.1
Transmutations | |  2.1

Action                   || total
-------------------------++-------
Melee: Unarmed           ||    72
       Tailslap          ||    10
       Headbutt          ||     3
       Punch             ||     2
       Kick              ||     2
 Cast: Beastly Appendage ||     3
  Use: Scroll            ||     1
 Stab: Sleeping          ||     1
Armor: Skin              ||    14
Dodge: Dodged            ||    40
